 Dungeon Crawl Stone Soup version 0.27-a0-12-g5dcdf963e0 (webtiles) character file.

Game seed: 5765432825805878584

52 Makratea the Shield-Bearer (level 3, -1/36 HPs)
             Began as a Minotaur Fighter on Jan 2, 2021.
             Slain by Natasha (8 damage)
             ... on level 2 of the Dungeon.
             The game lasted 00:02:53 (892 turns).

Makratea the Shield-Bearer (Minotaur Fighter)        Turns: 892, Time: 00:02:53

Health: -1/36      AC:  8    Str: 20 (21) XL:     3   Next: 60%
Magic:  2/2        EV:  8    Int:  5      God:
Gold:   82         SH:  9    Dex:  9      Spells: 2/2 levels left

rFire    . . .     SeeInvis .   i - +2 short sword (holy)
rCold    . . .     Faith    .   c - +0 kite shield
rNeg     . . .     Spirit   .   b - +0 scale mail
rPois    .         Reflect  .   (helmet restricted)
rElec    .         Harm     .   j - +0 cloak
rCorr    .         Rampage  .   (no gloves)
Will     .....     Rnd*Tele +   (no boots)
Stlth    ..........             (no amulet)
HPRegen  0.12/turn              k - ring of flight
MPRegen  0.08/turn              (no ring)

@: flying, very slightly contaminated, invisible
A: retaliatory headbutt, horns 2, deterioration 1, robust 1, teleportitis 1,
sturdy frame 1
a: no special abilities


You were on level 2 of the Dungeon.
You visited 1 branch of the dungeon, and saw 2 of its levels.

You collected 82 gold pieces.

Inventory:

Hand Weapons
 a - a +0 flail
 e - a +0 short sword
 i - a +2 short sword of holy wrath (weapon)
 p - a +0 dagger
Armour
 b - a +0 scale mail (worn)
 c - a +0 kite shield (worn)
 j - a +0 cloak (worn)
Jewellery
 k - a ring of flight (left hand)
Potions
 d - a potion of might
 h - a potion of flight


   Skills:
 + Level 4.2 Fighting
 + Level 0.6 Short Blades
 + Level 2.8 Maces & Flails
 + Level 4.2 Armour
 + Level 4.3 Shields


You had 2 spell levels left.
You didn't know any spells.
Your spell library was empty.

Dungeon Overview and Level Annotations

Branches:
Dungeon (2/15)

Altars:

Annotations:
D:2 Natasha


Innate Abilities, Weirdness & Mutations

You reflexively headbutt those who attack you in melee.
You have a pair of horns on your head.
Your body sometimes deteriorates upon taking damage.
You are robust. (+10% HP)
You are occasionally teleported next to monsters.
Your movements are slightly less encumbered by armour. (ER -2)


Message History

You block Natasha's attack.
Natasha mewls in sadness.
Natasha claws you. You block Natasha's attack.
You see here a frilled lizard corpse.
Natasha stares at you and mumbles some strange words.
You resist with significant effort.
Natasha mewls in sadness.
You block Natasha's attack. x2
Natasha barely misses you. Natasha claws you! Natasha claws you.
You see here a goblin corpse.
Natasha claws you. Natasha casts a spell at you. The magic dart hits you!
* * * LOW HITPOINT WARNING * * *
You block Natasha's attack.
You feel yourself speed up. Natasha claws you!
You die...

********,***#..####+#####****,,**
,,,,,,,*,*###...........#****,,**
,,,,,,...,,.............+,,,,,,**
,,,,,,...####...........#****,,**
,,,,,,,............(.....,,,,,>**
,,,,,,,,................,,,,,,,,,
,,,**+**,#.....#....######***,***
,,,**,##.#.....#..........,,*,* *
,,,,,,..........@h........,,*,* *
,,,,,,,,.####..†.†........,,*,* *
,,,,,,....................,,*,* *
,,,,,,##.###............##***,* *
,,,,,,,,.....#............***,* *
,,*,,,,,.#...#............,,,,***
,,*,,,,,,#...#...........#*,,,,,,
,,*,,,,,...!....[.........,,...,#
,,,,*,,,........##.....###**#.#*#


You could see Natasha.

Vanquished Creatures
  An adder (D:2)
  An ooze (D:1)
  A leopard gecko (D:1)
  2 ball pythons (D:1)
  3 bats (D:1)
  6 goblins
  7 hobgoblins (D:1)
  4 jackals (D:1)
  4 kobolds (D:1)
  3 frilled lizards
  2 rats (D:1)
34 creatures vanquished.

Notes
Turn   | Place    | Note
-------+----------+-------------------------------------------
     0 | D:1      | Makratea the Minotaur Fighter began the quest for the Orb.
     0 | D:1      | Reached XP level 1. HP: 19/19 MP: 0/0
    86 | D:1      | Reached XP level 2. HP: 26/27 MP: 1/1
   423 | D:1      | Reached XP level 3. HP: 30/33 MP: 2/2
   872 | D:2      | Noticed Natasha
   873 | D:2      | Gained mutation: Your movements are slightly less
                  | encumbered by armour. (ER -2) [potion of mutation]
   873 | D:2      | Gained mutation: You are occasionally teleported next to
                  | monsters. [potion of mutation]
   873 | D:2      | Gained mutation: Your body sometimes deteriorates upon
                  | taking damage. [potion of mutation]
   873 | D:2      | Gained mutation: You are robust. (+10% HP) [potion of
                  | mutation]
   892 | D:2      | Slain by Natasha

Illustrated notes

Levels and vault maps discovered:
D:1:      heliophobic_arrival_battle_scene, layout_loops_ring,
          grunt_decor_fettered
D:2:      layout_basic, okawaru_altar_gauntlet_db, uniq_natasha, uniq_sigmund

Skill      XL: |  1  2 |
---------------+-------+-----
Shields        | 4 |  4.3
Armour         | 4 |  4.2
Fighting       | 4 |  4.2
Short Blades   | |  0.6
Maces & Flails | |  2.8

Action                   || total
-------------------------++-------
Melee: Flail             ||    16
       Headbutt          ||    10
       Short sword       ||    63
  Use: Potion            ||     4
       Scroll            ||     3
 Stab: Invisible         ||     1
Armor: Scale mail        ||    42
Dodge: Dodged            ||    21
Block: Kite shield       ||    56

Table legend: (Time is in decaauts)
 A = Elapsed time spent in this place.
 B = Non-inter-level travel time spent in this place.
 C = Inter-level travel time spent in this place.
 D = Time resting spent in this place.
 E = Time spent auto-exploring this place.
 F = Levels seen in this place.
 G = Mean time per level.
                   A        B        C        D        E       F      G
               +--------+--------+--------+--------+--------+-----+--------+
         Total |    914 |    914 |      0 |      0 |    564 |   2 |  457.0 |
       Dungeon |    914 |    914 |      0 |      0 |    564 |   2 |  457.0 |
               +--------+--------+--------+--------+--------+-----+--------+

Top non-repeatable levels by time:
     D:1: 867 daAuts
     D:2: 46 daAuts
